 Dungeon Crawl Stone Soup version 0.31-a0-18-gea43df2a32 (webtiles) character file.

Game seed: 16416013702193210893

564054 vineage the Merfolkian Porcupine (level 26, -5/235 HPs)
             Began as a Merfolk Fighter on May 10, 2023.
             Was the Champion of the Shining One.
             Slain by a dire elephant (44 damage)
             ... on level 3 of the Depths.
             The game lasted 02:01:32 (79444 turns).

vineage the Merfolkian Porcupine (Merfolk Fighter) Turns: 79444, Time: 02:01:32

Health: -5/235     AC: 47    Str: 28    XL:     26   Next: 12%
Magic:  25/31      EV: 23    Int:  5    God:    the Shining One [******]
Gold:   2346       SH: 46    Dex: 22    Spells: 25/25 levels left

rFire   + . .        R - +9 trishula (holy)
rCold   + . .        T - +8 tower shield
rNeg    + + +        f - +8 orange crystal plate armour {Archmagi, Int+3 Clar}
rPois   +            G - +2 hood of the Assassin {Detect Stab+ Stlth++}
rElec   .            q - +1 cloak of Starlight {*Dazzle EV+4 Stlth--}
rCorr   +            i - +1 pair of gloves "Beferop" {rF+ rC+ Str+5}
SInv    +            r - +1 pair of boots of Courage {Dex+2}
Will    ++++.        l - amulet of reflection Stlth
                     K - ring "Xocirph" {rN+++ rCorr AC+4 Int-5}
HPRegen 0.59/turn    s - ring of the Wary Moons {rPois Will+++ Int-3 Dex+6 SInv}
MPRegen 0.22/turn

%: reflection, clarity, archmagi
@: divinely shielded, glowing, studying Throwing
A: (nimble swimmer 2), mertail, clarity, clumsy 1
}: 4/15 runes: serpentine, barnacled, slimy, silver
a: Renounce Religion, Divine Shield, Cleansing Flame, Summon Divine Warrior


You were on level 3 of the Depths.
You worshipped the Shining One.
The Shining One was exalted by your worship.
You visited 11 branches of the dungeon, and saw 50 of its levels.
You visited 1 bazaar.
You also visited: Trove and Ice Cave.

You collected 6585 gold pieces.
You spent 4239 gold pieces at shops.

Inventory:

Hand Weapons
 R - a +9 trishula of holy wrath (weapon)
 X - the +5 trident "Moilaph" {spect, Will+ Dex+2 Stlth+}
   (Okawaru gifted it to you on level 2 of the Snake Pit)

   Dex:       It affects your dexterity (+2).
   Will:      It increases your willpower.
   Stlth:     It makes you more stealthy.
Missiles
 o - 3 throwing nets (quivered)
Armour
 a - the -2 hat of the Alchemist {rElec rPois rF+ rC+ rN+ Will+ rMut rCorr}
   (You acquired it on level 1 of the Crypt)

   rF:        It protects you from fire.
   rC:        It protects you from cold.
   rElec:     It insulates you from electricity.
   rPois:     It protects you from poison.
   rN:        It protects you from negative energy.
   rCorr:     It protects you from acid and corrosion.
   rMut:      It protects you from mutation.
   Will:      It increases your willpower.
 c - a +2 cloak of preservation
 f - the +8 orange crystal plate armour (worn) {Archmagi, Int+3 Clar}
   (Okawaru gifted it to you on level 2 of the Vaults)

   Int:       It affects your intelligence (+3).
   Clar:      It protects you from confusion, rage, mesmerisation and fear.
 i - the +1 pair of gloves "Beferop" (worn) {rF+ rC+ Str+5}
   (Okawaru gifted it to you on level 5 of the Lair of Beasts)

   Str:       It affects your strength (+5).
   rF:        It protects you from fire.
   rC:        It protects you from cold.
 j - a +1 pair of boots of stealth
 q - the +1 cloak of Starlight (worn) {*Dazzle EV+4 Stlth--}
   (You acquired it on level 2 of the Depths)

   *Dazzle:   It may blind those who miss an attack against the wearer in melee
   combat.
   EV:        It affects your evasion (+4).
   Stlth:     It makes you much less stealthy.
 r - the +1 pair of boots of Courage (worn) {Dex+2}
   (You found it in a treasure trove)

   Dex:       It affects your dexterity (+2).
 G - the +2 hood of the Assassin (worn) {Detect Stab+ Stlth++}
   (You bought it in a shop on level 2 of the Elven Halls)

   Detect:    It allows the wearer to sense nearby creatures.
   Stab+:     It allows the wearer to make particularly effective stabbing
   attacks against helpless or unaware enemies with any weapon.
   Stlth:     It makes you much more stealthy.
 T - a +8 tower shield (worn)
Jewellery
 l - an amulet of reflection (around neck)
 s - the ring of the Wary Moons (right hand) {rPois Will+++ Int-3 Dex+6 SInv}
   (You bought it in a shop on level 2 of the Orcish Mines)

   [ring of dexterity]

   Int:       It affects your intelligence (-3).
   Dex:       It affects your dexterity (+6).
   rPois:     It protects you from poison.
   SInv:      It lets you see invisible.
   Will:      It greatly increases your willpower.
 w - the ring of the Firefly {Fly rN+ Will- rCorr MP+9}
   (You took it off a deep elf blademaster on level 3 of the Elven Halls)

   [ring of positive energy]

   rN:        It protects you from negative energy.
   MP:        It affects your magic capacity (+9).
   Fly:       It grants you flight.
   rCorr:     It protects you from acid and corrosion.
   Will:      It decreases your willpower.
 D - a ring of protection from cold
 H - a ring of protection from fire
 K - the ring "Xocirph" (left hand) {rN+++ rCorr AC+4 Int-5}
   (You took it off an orc knight on level 4 of the Vaults)

   [ring of protection]

   AC:        It affects your AC (+4).
   Int:       It affects your intelligence (-5).
   rN:        It renders you almost immune to negative energy.
   rCorr:     It protects you from acid and corrosion.
 L - the ring of Leog Har {rF++ rC+ Int+3 SInv}
   (You found it on level 4 of the Vaults)

   [ring of see invisible]

   Int:       It affects your intelligence (+3).
   rF:        It greatly protects you from fire.
   rC:        It protects you from cold.
   SInv:      It lets you see invisible.
 Q - the ring "Mefutum" {AC+4 Str+4 Int-4}
   (You took it off a deep elf master archer on level 3 of the Elven Halls)

   [ring of protection]

   AC:        It affects your AC (+4).
   Str:       It affects your strength (+4).
   Int:       It affects your intelligence (-4).
 Y - the ring "Ypsec" {Ice Drain +Blink rN++ rCorr}
   (You found it on level 5 of the Pits of Slime)

   [ring of ice]

   It enhances your ice magic.
   rF:        It makes you vulnerable to fire.
   rC:        It protects you from cold.
   rN:        It greatly protects you from negative energy.
   +Blink:    It lets you blink.
   rCorr:     It protects you from acid and corrosion.
   Drain:     It drains your maximum health when unequipped.
 Z - a +6 ring of dexterity
Wands
 u - a wand of digging (39)
Scrolls
 b - 8 scrolls of fog
 n - 7 scrolls of blinking
 x - 23 scrolls of teleportation
 y - 3 scrolls of brand weapon
 z - 6 scrolls of magic mapping
 C - 4 scrolls of immolation
 E - 7 scrolls of fear
 F - 8 scrolls of amnesia
 J - 2 scrolls of silence
 O - 13 scrolls of poison
 P - 5 scrolls of enchant weapon
Potions
 d - 8 potions of might
 e - 27 potions of curing
 g - 9 potions of brilliance
 h - 2 potions of magic
 k - 8 potions of cancellation
 m - 12 potions of mutation
 p - 5 potions of lignification
 t - 3 potions of resistance
 v - 3 potions of invisibility
 A - 6 potions of heal wounds
 B - 7 potions of flight
 I - 13 potions of attraction
 S - 5 potions of haste
 U - a potion of berserk rage
 V - 4 potions of ambrosia


   Skills:
 * Level 25.1 Fighting
 O Level 27 Polearms
 * Level 18.0 Armour
 + Level 23.0 Dodging
 + Level 18.4 Shields
 - Level 11.0 Invocations


You had 25 spell levels left.
You didn't know any spells.
Your spell library contained the following spells:

 Spells                   Type           Power      Damage    Failure   Level
 Apportation              Tloc           0%         N/A       100%        1
 Beastly Appendage        Tmut           0%         N/A       100%        1
 Freeze                   Ice            0%         1d3       100%        1
 Kiss of Death            Conj/Necr      0%         2d5       100%        1
 Magic Dart               Conj           0%         1d3       100%        1
 Necrotise                Necr           0%         1d4       100%        1
 Sandblast                Erth           0%         2d4       100%        1
 Shock                    Conj/Air       0%         1d3       100%        1
 Slow                     Hex            0%         N/A       100%        1
 Sting                    Tmut/Pois      0%         1d3       100%        1
 Blink                    Tloc           0%         N/A       100%        2
 Cigotuvi's Dreadful Rot  Necr/Pois/Air  0%         N/A       100%        2
 Momentum Strike          Conj/Tloc      0%         3d8       100%        2
 Passwall                 Tmut/Erth      0%         N/A       100%        2
 Poisonous Vapours        Pois/Air       0%         N/A       100%        2
 Scorch                   Fire           0%         2d5       100%        2
 Sublimation of Blood     Necr           0%         N/A       100%        2
 Wereblood                Tmut           0%         N/A       100%        2
 Call Canine Familiar     Summ           0%         N/A       100%        3
 Confusing Touch          Hex            0%         N/A       100%        3
 Dazzling Flash           Conj/Hex       0%         N/A       100%        3
 Frozen Ramparts          Ice            0%         1d1       100%        3
 Gell's Gravitas          Tloc           0%         N/A       100%        3
 Hailstorm                Conj/Ice       0%         3d3       100%        3
 Ignite Poison            Fire/Tmut/Pois 0%         N/A       100%        3
 Inner Flame              Hex/Fire       0%         N/A       100%        3
 Mephitic Cloud           Conj/Pois/Air  0%         N/A       100%        3
 Portal Projectile        Hex/Tloc       0%         N/A       100%        3
 Spider Form              Tmut/Pois      0%         N/A       100%        3
 Stone Arrow              Conj/Erth      0%         3d7       100%        3
 Summon Guardian Golem    Hex/Summ       0%         N/A       100%        3
 Teleport Other           Tloc           0%         N/A       100%        3
 Tukima's Dance           Hex            0%         N/A       100%        3
 Vampiric Draining        Necr           0%         2d6       100%        3
 Volatile Blastmotes      Fire/Tloc      0%         2d10      100%        3
 Anguish                  Hex/Necr       0%         N/A       100%        4
 Animate Dead             Necr           0%         N/A       100%        4
 Dispel Undead            Necr           0%         3d6       100%        4
 Flame Wave               Conj/Fire      0%         2d4       100%        4
 Fulminant Prism          Conj/Hex       0%         3d5       100%        4
 Ice Form                 Ice/Tmut       0%         N/A       100%        4
 Iskenderun's Mystic Bla  Conj/Tloc      0%         2d3       100%        4
 Manifold Assault         Tloc           0%         N/A       100%        4
 Olgreb's Toxic Radiance  Pois           0%         N/A       100%        4
 Passage of Golubria      Tloc           0%         N/A       100%        4
 Summon Ice Beast         Ice/Summ       0%         N/A       100%        4
 Agony                    Necr           0%         N/A       100%        5
 Alistair's Intoxication  Tmut/Pois      0%         N/A       100%        5
 Blade Hands              Tmut           0%         N/A       100%        5
 Fireball                 Conj/Fire      0%         3d3       100%        5
 Freezing Cloud           Conj/Ice/Air   0%         6-21      100%        5
 Lee's Rapid Deconstruct  Erth           0%         3d4*      100%        5
 Silence                  Hex/Air        0%         N/A       100%        5
 Summon Mana Viper        Hex/Summ       0%         N/A       100%        5
 Yara's Violent Unravell  Hex/Tmut       0%         3d3       100%        5
 Death Channel            Necr           0%         N/A       100%        6
 Dispersal                Tloc           0%         N/A       100%        6
 Simulacrum               Ice/Necr       0%         N/A       100%        6
 Starburst                Conj/Fire      0%         6d3       100%        6
 Summon Cactus Giant      Summ           0%         N/A       100%        6
 Enfeeble                 Hex            0%         N/A       100%        7
 Haunt                    Necr/Summ      0%         N/A       100%        7
 Monstrous Menagerie      Summ           0%         N/A       100%        7
 Orb of Destruction       Conj           0%         9d5       100%        7
 Ozocubu's Refrigeration  Ice            0%         4d7       100%        7
 Spellforged Servitor     Conj/Summ      0%         N/A       100%        7
 Storm Form               Tmut/Air       0%         N/A       100%        7
 Summon Hydra             Summ           0%         N/A       100%        7
 Infestation              Necr           0%         N/A       100%        8
 Lehudib's Crystal Spear  Conj/Erth      0%         10d2      100%        8
 Summon Horrible Things   Summ           0%         N/A       100%        8
 Chain Lightning          Conj/Air       0%         N/A       100%        9
 Fire Storm               Conj/Fire      0%         5d1       100%        9
 Polar Vortex             Ice            0%         N/A       100%        9
 Shatter                  Erth           0%         3d5*      100%        9


Dungeon Overview and Level Annotations

Branches:
Dungeon (15/15)            Temple (1/1) D:6            Lair (5/5) D:9
 Shoals (4/4) Lair:3        Snake (4/4) Lair:3        Slime (5/5) Lair:4
    Orc (2/2) D:11            Elf (3/3) Orc:2        Vaults (5/5) D:14
  Crypt (3/3) Vaults:2       Tomb (0/3) Crypt:3      Depths (3/4) D:15
  IceCv (visited)

Altars:
Ashenzari
Cheibriados
Dithmenos
Elyvilon
Fedhas
Gozag
Hepliaklqana
Kikubaaqudgha
Makhleb
Nemelex Xobeh
Okawaru
Qazlal
Ru
Sif Muna
Trog
Uskayaw
Vehumet
Wu Jian
Xom
Yredelemnul
Zin
The Shining One
Jiyva
Lugonu

Shops:
D:1 !   D:2 *   D:7 (   Orc:2 [*[(=   Elf:1 ::=*!   Elf:2 [[[*=   Shoals:3 !
Vaults:2 ?   Vaults:3 [   Depths:2 [

Portals:
Hell: Depths:2 Depths:3
Abyss: Shoals:1 Snake:3 Depths:1 Depths:3
Pandemonium: Depths:2
Ziggurat: Depths:1

Annotations:
Lair:5 exclusion: 3 oklob plants
Shoals:1 1 runed translucent door, 2 transporters, exclusion: orange crystal statue
Depths:3 3 runed translucent doors, Naus's ghost, veteran GrFi


Innate Abilities, Weirdness & Mutations

((You are very nimble when in or above water. (Stealth+, EV+, Speed+++)))
Your lower body shifts to a powerful aquatic tail in water.
You possess an exceptional clarity of mind.
You are clumsy. (Dex -2)


Message History

The fire dragon barely misses you. The fire dragon claws you.
The fire dragon tramples you.
You hold your ground!
You impale the dire elephant!!
The dire elephant is severely wounded.
You block the dire elephant's attack. x2; You block the wolf spider's attack.
The wolf spider completely misses you.
You puncture the dire elephant!
The dire elephant is almost dead.
The dire elephant tramples you!!!
* * * LOW HITPOINT WARNING * * *
You hold your ground!
You block the dire elephant's attack. You block the fire dragon's attack.
The fire dragon barely misses you. You block the fire dragon's attack.
The wolf spider hits you.
* * * LOW HITPOINT WARNING * * *
You block the wolf spider's attack.
Okay, then.
You feel better.
The wolf spider no longer looks unusually strong.
The dire elephant misses you. You block the dire elephant's attack.
A caustic shrike comes into view.
You block the wolf spider's attack. The wolf spider barely misses you.
The fire dragon breathes flames at you. The blast of flame hits you!
You resist.
* * * LOW HITPOINT WARNING * * *
You block the dire elephant's attack.
The dire elephant completely misses you.
Your divine shield is renewed.
You block the wolf spider's attack. x2
You block the dire elephant's attack. The dire elephant closely misses you.
The fire dragon misses you. The fire dragon completely misses you.
The fire dragon tramples you!
* * * LOW HITPOINT WARNING * * *
You hold your ground!
The wolf spider hits you!
* * * LOW HITPOINT WARNING * * *
You block the wolf spider's attack.
You feel much better.
You block the dire elephant's attack. x2
The fire dragon breathes flames at you. The blast of flame hits you.
You resist.
* * * LOW HITPOINT WARNING * * *
The dire elephant tramples you!!!
You die...

.'....'....##....PP#)y†......
.###.##....#......P#.Y†....♣
## #.####'###P..P..#s♣...P..♣
#.# #.######...'s.s......
###.# #...#####..#+###♣....
#...####.###.# #.♣...P# ...
#.#..........# #s...PP# ..
##+###...#..#####b.....# .
..........#..###@Y..P.P#
......###..#..###D.#...#
.....#...#.)#..######..#####
....#....#..#....# ##....PP#
....#...∩...#.#### #.....PP#
....#..#....#.# ##.....P#
###.#..#...#..# #....P.P#
.....#..###..## ###.#)..#
......#.....## ####..#####


You could see a dire elephant (berserk), a caustic shrike, a fire dragon
(catching breath) and a wolf spider.

Vanquished Creatures
  the Royal Jelly (Slime:5)
  2 dread liches (Crypt:3)
  An ancient lich (Vaults:5)
  Mara (Shoals:3)
  A shard shrike (IceCv)
  Saint Roka (Orc:2)
  Xtahua (Vaults:2)
  Jory (Vaults:5)
  A golden dragon (Vaults:5)
  2 profane servitors
  Jorgrun (D:15)
  Zenata (Crypt:2)
  3 tentacled monstrosities (Vaults:5)
  Rupert (D:15)
  3 liches
  8 deep elf master archers
  2 deep elf blademasters (Elf:3)
  A quicksilver dragon (Vaults:5)
  8 titans
  20 acid blobs
  4 sphinxes
  7 ancient champions
  The ghost of Armakuni the Stickfighter, an adept HuAr of Gozag (Snake:3)
  Frances (Elf:1)
  7 shadow dragons (Vaults:5)
  The ghost of decrepitude the Fighter, an adept DsFE of Gozag (Snake:4)
  2 tengu reavers
  4 krakens (Shoals:3)
  Kirke (D:15)
  4 revenants
  Donald (Shoals:1)
  5 nagarajas
  4 storm dragons
  13 rockslimes
  16 azure jellies
  An emperor scorpion (Depths:3)
  6 deep elf sorcerers (Elf:3)
  15 fire giants
  The ghost of Pomaec the Brawler, a journeyman TrCA of Jiyva (D:15)
  22 vault wardens
  2 iron dragons (Vaults:5)
  19 frost giants
  Aizul (Snake:1)
  A curse skull (Crypt:2)
  Louise (Shoals:3)
  18 ironbound preservers
  8 ghouls
  3 spriggan defenders (Depths:2)
  A deep elf elementalist (Elf:3)
  The ghost of Ontoju Zobb the Acrobat, an adept FeSu of Gozag (Elf:1)
  21 stone giants
  A quicksilver ooze (shapeshifter) (Vaults:4)
  35 very ugly things
  8 quicksilver oozes
  5 orc warlords
  4 vampire knights
  10 ironbound thunderhulks
  6 deep elf demonologists
  5 green draconians
  2 red draconians
  2 black draconians
  A rockslime zombie (Crypt:3)
  3 yellow draconians
  Azrael (D:15)
  8 deep elf annihilators
  2 dire elephants
  5 purple draconians
  4 white draconians
  3 eidola
  12 merfolk impalers
  4 ettins (Vaults:5)
  5 merfolk javelineers
  8 fire dragons
  14 jiangshi
  4 entropy weavers
  2 crystal guardians (Vaults:2)
  11 yaktaur captains
  A spriggan zombie (Crypt:3)
  9 deep elf death magi
  6 hydras
  An entropy weaver (shapeshifter) (Elf:1)
  14 great orbs of eyes
  7 deep elf high priests
  25 vault guards
  2 rakshasas (Depths:1)
  4 salamander tyrants (Snake:4)
  4 ice dragons
  A juggernaut simulacrum (Crypt:3)
  A catoblepas (Depths:3)
  2 spriggan air magi (Depths:2)
  A spriggan skeleton (Crypt:3)
  9 ironbound frosthearts
  2 ogre magi (Orc:1)
  9 merfolk aquamancers
  A peacekeeper (Vaults:2)
  17 centaur warriors
  2 satyrs
  10 anacondas
  4 merfolk avatars
  An alligator snapping turtle (Shoals:1)
  2 boulder beetles
  3 two-headed ogres
  An azure jelly zombie (Crypt:3)
  2 death knights
  35 dancing weapons
  7 death yaks
  A bennu skeleton (Crypt:1)
  4 deep troll shamans
  9 tengu warriors
  13 naga warriors
  14 naga sharpshooters
  A hell hog (Snake:3)
  3 orc high priests (Orc:2)
  4 deep troll earth magi
  Urug (Lair:5)
  A spriggan berserker (Depths:2)
  9 shock serpents
  6 vampire magi
  A soul eater (Crypt:3)
  7 hell knights (Depths:3)
  26 deep elf knights
  6 salamander mystics
  A sixfirhy (Depths:2)
  19 skeletal warriors
  Nergalle (D:9)
  2 shadow wraiths
  2 iron trolls
  7 skysharks
  A spark wasp zombie (Crypt:3)
  A fire crab (D:13)
  5 sea snakes
  A swamp dragon (Lair:5)
  A death drake (shapeshifter) (D:13)
  41 deep trolls
  5 flayed ghosts
  A golden dragon zombie (Crypt:2)
  2 spriggan druids (Depths:3)
  25 deep elf archers
  5 glowing orange brains
  An obsidian statue (Elf:1)
  2 bunyip skeletons
  5 necromancers
  3 bog bodies
  8 wizards
  11 naga ritualists
  16 ironbound convokers
  14 phantasmal warriors
  8 lindwurms
  11 mana vipers
  12 orc knights
  24 deep elf pyromancers
  23 harpies
  4 wolf spiders
  7 cyclopes
  6 orc sorcerers
  47 ugly things
  33 deep elf zephyrmancers
  2 oklob plants (Lair:4)
  4 fauns
  A shining eye (Slime:4)
  A shining eye (shapeshifter) (Elf:1)
  A cyclops (shapeshifter) (Depths:2)
  6 elephants (Lair:3)
  21 manticores
  A moth of wrath (Depths:3)
  26 salamanders
  A centaur zombie (Crypt:3)
  6 merfolk sirens
  A stone giant skeleton (Crypt:3)
  A dire elephant zombie (Crypt:3)
  24 vault sentinels
  A rust devil (Depths:2)
  3 apocalypse crabs
  An eye of devastation (shapeshifter) (D:11)
  15 water nymphs
  9 guardian serpents
  An eye of devastation (Slime:2)
  19 naga magi
  58 black mambas
  An orange demon (Depths:2)
  12 cane toads
  Maggie (D:6)
  A gargoyle (D:13)
  A yaktaur (shapeshifter) (D:15)
  An alligator snapping turtle skeleton (Crypt:2)
  4 unseen horrors
  An efreet (D:14)
  A spectral mana viper (Snake:4)
  A black draconian skeleton (Crypt:3)
  23 rime drakes
  6 freezing wraiths
  44 yaktaurs
  2 kobold demonologists (D:13)
  2 red devils (Depths:2)
  6 tengu conjurers
  3 human zombies (Vaults:4)
  A sea snake zombie (Crypt:2)
  A green draconian skeleton (Crypt:3)
  8 komodo dragons
  A yellow draconian skeleton (Crypt:2)
  An orb spider zombie (Crypt:1)
  A bunyip simulacrum (Crypt:3)
  A minotaur skeleton (Crypt:3)
  2 ice devils (Depths:2)
  4 meliai
  13 polar bears
  9 trolls
  A harpy zombie (Crypt:2)
  8 wind drakes
  8 hornets
  Prince Ribbit (D:8)
  24 merfolk
  A queen bee (shapeshifter) (D:15)
  19 snapping turtles
  6 dream sheep
  A tarantella (Vaults:2)
  A raiju (Snake:3)
  12 blink frogs
  A boulder beetle zombie (Crypt:2)
  A dream sheep (shapeshifter) (Vaults:5)
  112 slime creatures
  A spectral black mamba (Snake:4)
  2 centaur simulacra (D:13)
  A spriggan (shapeshifter) (D:13)
  A jumping spider (Vaults:4)
  3 shadows
  4 vampires
  2 spriggans
  7 air elementals
  34 water elementals
  A ynoxinul (Depths:2)
  2 humans (D:15)
  14 wyverns
  A human (shapeshifter) (D:15)
  16 wraiths
  A satyr skeleton (Crypt:2)
  9 fire elementals
  3 spectral nagas (Snake:4)
  3 hogs (D:15)
  A redback (shapeshifter) (Elf:2)
  15 vampire mosquitoes
  5 basilisks
  47 yaks
  5 redbacks
  4 wargs (Orc:2)
  A chaos spawn (Depths:2)
  Menkaure (D:7)
  2 steam dragons (Lair:5)
  41 nagas
  A large abomination (Snake:3)
  19 water moccasins
  A hell hound (D:15)
  5 acid dragons
  A two-headed ogre skeleton (Crypt:2)
  An ogre skeleton (Vaults:4)
  4 floating eyes
  A hornet zombie (Crypt:1)
  A swamp drake (Lair:5)
  A faun skeleton (Crypt:3)
  3 guardian serpent simulacra (Snake:4)
  30 orc warriors
  2 ice beasts
  3 sky beasts
  3 black bears
  An ettin simulacrum (Crypt:3)
  3 boggarts (Vaults:2)
  A black mamba simulacrum (Snake:4)
  4 ogres
  39 wolves
  A blink frog skeleton (Crypt:2)
  10 centaurs
  3 kobold brigands
  7 bullfrogs
  2 earth elementals
  A gnoll sergeant (D:11)
  2 necrophages
  6 scorpions
  A human skeleton (Vaults:4)
  A cyclops skeleton (Crypt:2)
  3 killer bees (D:9)
  A shapeshifter zombie (Crypt:3)
  3 howler monkeys
  A jelly (D:5)
  16 orc priests
  A hound (D:4)
  4 sleepcaps
  4 iguanas
  25 orc wizards
  A hell rat (D:9)
  2 naga zombies
  An ice beast zombie (Crypt:2)
  An acid dragon skeleton (Crypt:1)
  A sky beast zombie (Crypt:1)
  A deep dwarf skeleton (Crypt:1)
  4 gnolls (Orc:1)
  2 steam dragon zombies
  10 adders
  2 river rats (D:9)
  A river rat (shapeshifter) (Vaults:5)
  3 shadow imps
  4 white imps
  An ufetubus (D:5)
  3 dart slugs
  69 orcs
  11 ball pythons
  8 bats
  A bat skeleton (Crypt:1)
  5 endoplasms
  3 giant cockroaches (D:1)
  2 goblins
  10 hobgoblins
  4 jackals (D:2)
  23 kobolds
  5 quokkas
  A ball python skeleton (Crypt:1)
  5 frilled lizards
  A frilled lizard skeleton (Crypt:1)
  An orc zombie (Crypt:1)
  4 rats
  A spectral orc (D:10)
  9 tentacles (Shoals:3)
2255 creatures vanquished.

Vanquished Creatures (collateral kills)
  A juggernaut (Depths:2)
  A stone giant (Depths:2)
2 creatures vanquished.

Vanquished Creatures (others)
  Asterion (Snake:1)
  A fire giant (Depths:3)
  A very ugly thing (Vaults:5)
  A purple draconian (Depths:2)
  A green death (Depths:2)
  A deep elf knight (Elf:2)
  A deep elf zephyrmancer (Elf:2)
  A deep elf pyromancer (Elf:1)
  A salamander (Snake:4)
  A manticore (shapeshifter) (Elf:1)
  A slime creature (D:15)
  A spriggan (Depths:2)
  19 spectral weapons
  35 tentacles (Shoals:3)
66 creatures vanquished.

Grand Total: 2323 creatures vanquished

Notes
Turn   | Place    | Note
-------+----------+-------------------------------------------
     0 | D:1      | vineage the Merfolk Fighter began the quest for the Orb.
     0 | D:1      | Reached XP level 1. HP: 18/18 MP: 1/1
    73 | D:1      | Noticed a golden eye
    77 | D:1      | Found a faded altar of an unknown god.
    78 | D:1      | Noticed a floating eye
    78 | D:1      | Noticed a shining eye
    78 | D:1      | Noticed an eye of devastation
    86 | D:1      | Found Humomu's Distillery.
    90 | D:1      | Reached skill level 3 in Polearms
    97 | D:1      | Reached XP level 2. HP: 20/24 MP: 2/2
   287 | D:1      | Reached skill level 1 in Dodging
   336 | D:1      | Reached XP level 3. HP: 29/29 MP: 3/3
   862 | D:2      | Reached XP level 4. HP: 36/36 MP: 4/4
   885 | D:2      | Reached skill level 4 in Polearms
   892 | D:2      | Found Cugasher's General Store.
  1631 | D:3      | Identified the +4 ring mail of Mirth {rN+ Int-5 Dex+5
                  | Stlth+}
  1773 | D:3      | Found a glowing golden altar of the Shining One.
  1815 | D:3      | Reached XP level 5. HP: 32/42 MP: 5/5
  2451 | D:3      | Found a faded altar of an unknown god.
  2456 | D:3      | Found a shimmering blue altar of Sif Muna.
  2526 | D:4      | Reached skill level 5 in Polearms
  2568 | D:4      | Reached XP level 6. HP: 48/48 MP: 6/6
  3286 | D:4      | Noticed a black bear
  3301 | D:4      | Killed a black bear
  3302 | D:4      | Reached skill level 6 in Polearms
  3302 | D:4      | Reached XP level 7. HP: 29/55 MP: 7/7
  3964 | D:5      | Entered Level 5 of the Dungeon
  3978 | D:5      | Noticed a komodo dragon
  4004 | D:5      | Killed a komodo dragon
  4005 | D:5      | Reached skill level 5 in Fighting
  4005 | D:5      | Reached skill level 7 in Polearms
  4005 | D:5      | Reached XP level 8. HP: 10/62 MP: 8/8
  4740 | D:5      | Reached skill level 8 in Polearms
  4740 | D:5      | Reached skill level 5 in Dodging
  5241 | D:6      | Found a staircase to the Ecumenical Temple.
  5251 | D:6      | Found an opulent altar of Gozag.
  5255 | D:6      | Noticed Maggie
  5267 | D:6      | Killed Maggie
  5268 | D:6      | Reached skill level 5 in Shields
  5284 | Temple   | Entered the Ecumenical Temple
  5429 | Temple   | Became a worshipper of Warmaster Okawaru
  5574 | D:6      | Reached skill level 9 in Polearms
  5574 | D:6      | Reached XP level 9. HP: 53/69 MP: 9/9
  5964 | D:6      | Reached * piety under Okawaru
  6485 | D:6      | Found a blossoming altar of Fedhas.
  6728 | D:7      | Reached skill level 10 in Polearms
  7076 | D:7      | Noticed Menkaure
  7085 | D:7      | Killed Menkaure
  7428 | D:7      | Reached ** piety under Okawaru
  7530 | D:7      | Found a glowing silver altar of Zin.
  7530 | D:7      | Found a radiant altar of Vehumet.
  7531 | D:7      | Found a burning altar of Makhleb.
  7603 | D:7      | Found Wyupist's Antique Weapon Boutique.
  7711 | D:8      | Reached XP level 10. HP: 73/77 MP: 10/10
  7911 | D:8      | Reached skill level 11 in Polearms
  8051 | D:8      | Noticed Prince Ribbit
  8062 | D:8      | Killed Prince Ribbit
  8286 | D:8      | Reached skill level 5 in Armour
  8523 | D:9      | Reached skill level 1 in Invocations
  8530 | D:9      | Reached *** piety under Okawaru
  8856 | D:9      | Reached skill level 12 in Polearms
  8989 | D:9      | Noticed a death yak
  8993 | D:9      | Noticed a death yak
  8997 | D:9      | Noticed a death yak
  9013 | D:9      | Killed a death yak
  9032 | D:9      | Killed a death yak
  9032 | D:9      | Reached **** piety under Okawaru
  9033 | D:9      | Reached XP level 11. HP: 50/86 MP: 11/13
  9050 | D:9      | Killed a death yak
  9410 | D:9      | Found a staircase to the Lair.
  9540 | D:10     | Entered Level 10 of the Dungeon
  9690 | D:10     | Found a basalt altar of Yredelemnul.
  9722 | D:10     | Noticed Nergalle
 10117 | D:9      | Killed Nergalle
 10118 | D:9      | Reached skill level 13 in Polearms
 10168 | D:10     | Found an ornate altar of the Wu Jian Council.
 10531 | D:10     | Reached ***** piety under Okawaru
 11216 | D:2      | Bought the +1 helmet of Gravity {Rampage rF+} for 258 gold
                  | pieces
 11331 | Lair:1   | Entered Level 1 of the Lair of Beasts
 11912 | Lair:1   | Noticed a skyshark
 11930 | Lair:1   | Killed a skyshark
 12343 | Lair:1   | Reached skill level 14 in Polearms
 12729 | Lair:2   | Noticed a six-headed hydra
 12743 | Lair:2   | Killed a six-headed hydra
 12744 | Lair:2   | Reached skill level 5 in Invocations
 12744 | Lair:2   | Reached XP level 12. HP: 74/95 MP: 13/15
 13035 | Lair:2   | Received a gift from Okawaru
 13036 | Lair:2   | Reached skill level 10 in Dodging
 13450 | Lair:2   | Received a gift from Okawaru
 13917 | Lair:3   | Found a staircase to the Shoals.
 14190 | Lair:3   | Reached skill level 15 in Polearms
 14361 | Lair:3   | Noticed an eight-headed hydra
 14384 | Lair:3   | Killed an eight-headed hydra
 14864 | Lair:3   | Found a staircase to the Snake Pit.
 15019 | Lair:3   | Received a gift from Okawaru
 15346 | Lair:3   | Reached XP level 13. HP: 82/103 MP: 17/17
 15375 | Lair:3   | Reached skill level 10 in Fighting
 16129 | Lair:4   | Found a staircase to the Slime Pits.
 16367 | Lair:4   | Reached skill level 16 in Polearms
 17032 | Lair:5   | Entered Level 5 of the Lair of Beasts
 17825 | Lair:5   | Noticed a fire dragon
 17833 | Lair:5   | Identified the +1 pair of gloves "Beferop" {rF+ rC+ Str+5}
                  | (Okawaru gifted it to you on level 5 of the Lair of Beasts)
 17833 | Lair:5   | Received a gift from Okawaru
 18261 | Lair:5   | Noticed Urug
 18283 | Lair:5   | Killed Urug
 18399 | Lair:5   | Reached ****** piety under Okawaru
 18713 | Lair:5   | Reached skill level 17 in Polearms
 19029 | Lair:5   | Reached XP level 14. HP: 111/111 MP: 18/20
 19711 | Lair:5   | Reached skill level 10 in Shields
 19751 | Lair:5   | Identified the +0 chain mail "Jyushraz" {Str+6} (Okawaru
                  | gifted it to you on level 5 of the Lair of Beasts)
 19751 | Lair:5   | Received a gift from Okawaru
 21202 | D:11     | Found a staircase to the Orcish Mines.
 22340 | D:11     | Identified the staff of earth "Oson" {rF- rC+ Will+ Int+4}
 22812 | D:11     | Reached skill level 18 in Polearms
 25175 | D:12     | HP: 2/113 [skeletal warrior/+0 scimitar (19)]
 25179 | D:12     | Received a gift from Okawaru
 25605 | Orc:1    | Entered Level 1 of the Orcish Mines
 26224 | Orc:1    | Reached XP level 15. HP: 114/120 MP: 21/21
 26237 | Orc:1    | Paralysed by something for 5 turns
 26622 | Orc:2    | Entered Level 2 of the Orcish Mines
 27861 | Orc:2    | Found a staircase to the Elven Halls.
 27881 | Orc:2    | Found Nudex's Antique Armour Emporium.
 28034 | Orc:2    | Noticed Saint Roka
 28113 | Orc:2    | Killed Saint Roka
 28114 | Orc:2    | Reached skill level 19 in Polearms
 28563 | Orc:2    | Found Inoret's General Store.
 28582 | Orc:2    | Found Tinaus's Antique Armour Shoppe.
 28649 | Orc:2    | Found Peuhaoh's Antique Weapon Shoppe.
 28724 | Orc:2    | Found Valeor's Jewellery Shoppe.
 28730 | Orc:2    | Bought the ring of the Wary Moons {rPois Will+++ Int-3
                  | Dex+6 SInv} for 731 gold pieces
 28778 | Orc:2    | Bought an emerald-encrusted scale mail for 288 gold pieces
 28778 | Orc:2    | Identified the +6 scale mail "Desmumy" {rElec rPois Int+3}
                  | (You bought it in a shop on level 2 of the Orcish Mines)
 29842 | D:13     | Identified the +0 chain mail "Jijuirr" {Int+3 Stlth+}
                  | (Okawaru gifted it to you on level 13 of the Dungeon)
 29842 | D:13     | Received a gift from Okawaru
 29843 | D:13     | Reached skill level 10 in Invocations
 31872 | D:14     | Found a gate to the Vaults.
 32097 | D:14     | Reached XP level 16. HP: 123/129 MP: 23/23
 32721 | D:15     | Entered Level 15 of the Dungeon
 32764 | D:15     | Noticed Rupert
 32799 | D:15     | Killed Rupert
 32800 | D:15     | Reached skill level 20 in Polearms
 33124 | D:15     | Found a staircase to the Depths.
 33172 | D:15     | Noticed Jorgrun
 33194 | D:15     | Killed Jorgrun
 33325 | D:15     | Found a runed translucent gate.
 33325 | D:15     | Found a runed translucent gate.
 33326 | D:15     | Found a runed translucent gate.
 33328 | D:15     | Noticed Pomaec's ghost (journeyman TrCA)
 33332 | D:15     | Noticed Kirke
 33358 | D:15     | Killed Kirke
 33685 | D:15     | Identified the +4 pair of boots of Pawomol {*Corrode +Blink
                  | rF++ MP+9} (Okawaru gifted it to you on level 15 of the
                  | Dungeon)
 33685 | D:15     | Received a gift from Okawaru
 33878 | D:15     | Noticed Azrael
 33904 | D:15     | Killed Azrael
 34434 | D:15     | Killed Pomaec's ghost
 34920 | Shoals:1 | Entered Level 1 of the Shoals
 34921 | Shoals:1 | Found a runed translucent door.
 34968 | Shoals:1 | Found a transporter.
 34968 | Shoals:1 | Found a transporter.
 34976 | Shoals:1 | Found a corrupted altar of Lugonu.
 34998 | Shoals:1 | Found a one-way gate to the infinite horrors of the Abyss.
 35567 | Shoals:1 | Identified the ring "Mieskuaf" {Str+3 SInv}
 35783 | Orc:2    | Bought an amulet of reflection for 300 gold pieces
 36283 | Shoals:1 | Noticed Donald
 36305 | Shoals:1 | Killed Donald
 36397 | Shoals:1 | Reached skill level 15 in Dodging
 37080 | Shoals:2 | Reached skill level 21 in Polearms
 37444 | Shoals:2 | Reached XP level 17. HP: 137/137 MP: 25/25
 37547 | Shoals:2 | Identified the +10 war axe of the Summoning Queen {protect,
                  | Will+ Str+3}
 37924 | Shoals:2 | Reached skill level 10 in Armour
 37978 | Shoals:2 | Received a gift from Okawaru
 38551 | Shoals:3 | Found Idojuan's Distillery.
 38962 | Shoals:3 | Received a gift from Okawaru
 39024 | Shoals:3 | Noticed a kraken
 39024 | Shoals:3 | Noticed a kraken
 39086 | Shoals:3 | Killed a kraken
 39116 | Shoals:3 | Noticed Mara
 39122 | Shoals:3 | Noticed a kraken
 39144 | Shoals:3 | Noticed vineage's illusion
 39163 | Shoals:3 | Killed Mara
 39307 | Shoals:3 | Killed a kraken
 39324 | Shoals:3 | Noticed Louise
 39532 | Shoals:3 | Killed Louise
 39604 | Shoals:3 | Killed a kraken
 39617 | Shoals:3 | Noticed a kraken
 39677 | Shoals:3 | Killed a kraken
 40360 | Shoals:4 | Entered Level 4 of the Shoals
 40792 | Shoals:4 | Paralysed by an air elemental for 1 turns
 40847 | Shoals:4 | Reached skill level 22 in Polearms
 41073 | Shoals:4 | Paralysed by an air elemental for 1 turns
 41083 | Shoals:4 | Paralysed by an air elemental for 1 turns
 41086 | Shoals:4 | Paralysed by an air elemental for 1 turns
 41095 | Shoals:4 | Paralysed by an air elemental for 1 turns
 41636 | Shoals:4 | Paralysed by an air elemental for 1 turns
 41847 | Shoals:4 | Got the Directory of Injury
 41849 | Shoals:4 | Got a barnacled rune of Zot
 41876 | Shoals:4 | Reached XP level 18. HP: 146/146 MP: 26/26
 42225 | Shoals:4 | Paralysed by an air elemental for 1 turns
 42565 | Snake:1  | Entered Level 1 of the Snake Pit
 42629 | Snake:1  | Received a gift from Okawaru
 42637 | Snake:1  | Found a flickering gateway to a bazaar.
 42637 | Snake:1  | Noticed Aizul
 42651 | Snake:1  | Killed Aizul
 42655 | Bazaar   | Entered a bazaar
 42781 | Bazaar   | Found Ubau's Assorted Antiques.
 42795 | Bazaar   | Found Ovoluf's Jewellery Shop.
 42823 | Bazaar   | Found Jeoleuw's Distillery.
 42837 | Bazaar   | Found Watops's Antique Armour Boutique.
 42851 | Bazaar   | Found Jiepp's Armour Shop.
 42913 | Bazaar   | Bought a potion of might for 52 gold pieces
 42913 | Bazaar   | Bought a potion of curing for 39 gold pieces
 42913 | Bazaar   | Bought 2 potions of haste for 260 gold pieces
 42913 | Bazaar   | Bought a potion of berserk rage for 65 gold pieces
 42913 | Bazaar   | Bought a potion of haste for 130 gold pieces
 43281 | Snake:1  | Noticed Asterion
 43292 | Snake:1  | Gained mutation: You have hidden genetic defects. [a
                  | cacodemon]
 43297 | Snake:1  | Killed Asterion
 44497 | Snake:2  | Gained mutation: You occasionally shout uncontrollably at
                  | your foes. [hidden defects]
 44509 | Snake:2  | Lost mutation: You occasionally shout uncontrollably at
                  | your foes. [potion of mutation]
 44509 | Snake:2  | Lost mutation: You have hidden genetic defects. [potion of
                  | mutation]
 44509 | Snake:2  | Gained mutation: You possess an exceptional clarity of
                  | mind. [potion of mutation]
 44633 | Snake:2  | Identified the +5 trident "Moilaph" {spect, Will+ Dex+2
                  | Stlth+} (Okawaru gifted it to you on level 2 of the Snake
                  | Pit)
 44633 | Snake:2  | Received a gift from Okawaru
 44645 | Snake:2  | Reached skill level 23 in Polearms
 45900 | Snake:3  | Found a transporter.
 46129 | Snake:3  | Identified the +1 trident of Qoashuyrph {freeze, Str+4}
                  | (Okawaru gifted it to you on level 3 of the Snake Pit)
 46129 | Snake:3  | Received a gift from Okawaru
 46248 | Snake:3  | Found a transporter.
 46270 | Snake:3  | Noticed a profane servitor
 46291 | Snake:3  | Noticed Armakuni's ghost (adept HuAr)
 46304 | Snake:3  | Found the +2 hat of the Bear Spirit {Spirit, Bear, *Rage
                  | Will++}
 46808 | Snake:3  | Reached XP level 19. HP: 96/154 MP: 27/27
 47019 | Snake:3  | Killed a profane servitor
 47102 | Snake:3  | Killed Armakuni's ghost
 47117 | Snake:3  | Reached skill level 15 in Fighting
 47171 | Snake:4  | Entered Level 4 of the Snake Pit
 47290 | Snake:4  | Found an ornate altar of the Wu Jian Council.
 47356 | Snake:4  | Found a frozen archway.
 47366 | IceCv    | Entered an ice cave
 47571 | IceCv    | Received a gift from Okawaru
 48282 | IceCv    | Noticed a shard shrike
 48625 | IceCv    | Killed a shard shrike
 48984 | Snake:4  | Reached skill level 24 in Polearms
 48998 | Snake:4  | Received a gift from Okawaru
 49285 | Snake:4  | Received a gift from Okawaru
 49766 | Snake:4  | Reached XP level 20. HP: 164/164 MP: 28/28
 49828 | Snake:4  | Found a runed translucent gate.
 49829 | Snake:4  | Found a runed translucent gate.
 49829 | Snake:4  | Noticed decrepitude's ghost (adept DsFE)
 49830 | Snake:4  | Found a runed translucent gate.
 50029 | Snake:4  | Identified the +2 crystal plate armour "Uxick" {Dex+6}
                  | (Okawaru gifted it to you on level 4 of the Snake Pit)
 50029 | Snake:4  | Received a gift from Okawaru
 50048 | Snake:4  | Got a serpentine rune of Zot
 50207 | Snake:4  | Killed decrepitude's ghost
 50239 | Snake:4  | Identified the ring "Metsukh" {Int+3 Slay-5 SInv Stlth+}
 50560 | Elf:1    | Entered Level 1 of the Elven Halls
 50587 | Elf:1    | Found a radiant altar of Vehumet.
 50833 | D:2      | Bought a scroll of enchant armour for 82 gold pieces
 50833 | D:2      | Bought a scroll of enchant armour for 82 gold pieces
 50833 | D:2      | Bought a potion of curing for 33 gold pieces
 50833 | D:2      | Bought a scroll of enchant armour for 82 gold pieces
 51238 | Elf:1    | Paralysed by an air elemental for 1 turns
 51348 | Elf:1    | Found Xonka's Book Boutique.
 51349 | Elf:1    | Found Ruon's Jewellery Shoppe.
 51350 | Elf:1    | Found Nesatep's Book Boutique.
 51577 | Elf:1    | Identified the +8 shortbow of the Blind Eye {freeze, Will+}
 51594 | Elf:1    | Found Siptem's Distillery.
 51599 | Elf:1    | Bought 2 potions of might for 112 gold pieces
 51599 | Elf:1    | Bought a potion of heal wounds for 70 gold pieces
 51599 | Elf:1    | Bought a potion of resistance for 140 gold pieces
 51599 | Elf:1    | Bought a potion of curing for 42 gold pieces
 51626 | Elf:1    | Noticed Frances
 51638 | Elf:1    | Killed Frances
 51681 | Elf:1    | Found a runed translucent gate.
 51681 | Elf:1    | Found a runed translucent gate.
 51834 | Elf:1    | Found a runed translucent gate.
 51836 | Elf:1    | Found an opulent altar of Gozag.
 51836 | Elf:1    | Found Ivoman's Assorted Antiques.
 51837 | Elf:1    | Noticed Ontoju Zobb's ghost (adept FeSu)
 52047 | Elf:1    | Killed Ontoju Zobb's ghost
 52276 | Elf:2    | Found Falukhlyn's Armour Shop.
 52830 | Elf:2    | Found Duitetsah's Armour Boutique.
 52865 | Elf:2    | Found Riusehudd's General Store.
 52866 | Elf:2    | Paralysed by an air elemental for 1 turns
 52917 | Elf:2    | Found Iwia's Jewellery Shop.
 53058 | Elf:2    | Found Etacujycki's Antique Armour Boutique.
 53243 | Elf:2    | Found a runed translucent gate.
 53244 | Elf:2    | Found a runed translucent gate.
 53244 | Elf:2    | Found a runed translucent gate.
 53566 | Elf:2    | Received a gift from Okawaru
 53982 | Elf:3    | Entered Level 3 of the Elven Halls
 54013 | Elf:3    | Reached skill level 15 in Shields
 54077 | Elf:3    | Reached XP level 21. HP: 175/175 MP: 29/29
 54428 | Elf:3    | Identified the +0 ring mail of Pragmatism {*Slow rF++
                  | Regen+ Stlth+}
 54428 | Elf:3    | Identified the ring of the Firefly {Fly rN+ Will- rCorr
                  | MP+9}
 54435 | Elf:3    | Identified the +5 morningstar "Legodonli" {flame, rElec
                  | rPois Int+3 Stlth-}
 54441 | Elf:3    | Identified the +5 scale mail of Pride {Str+4}
 54441 | Elf:3    | Identified the ring "Mefutum" {AC+4 Str+4 Int-4}
 54441 | Elf:3    | Identified the ring of Ufofiqym {rPois rC+ Int-3 Dex+6
                  | Stlth+}
 54481 | Elf:3    | Got the Precepts of Unstable Putrescence
 54491 | Elf:3    | Got Sif Muna's Encyclopedia of the Energetic Comitatus
 54498 | Elf:3    | Got Qomom's Quarto of the Geological Union
 54502 | Elf:3    | Identified the +9 whip of Foczumm {freeze, rF++ Will+
                  | Str-5}
 54925 | Elf:3    | Identified the +0 pair of gloves of Getut {+Blink rC+
                  | Str+3} (Okawaru gifted it to you on level 3 of the Elven
                  | Halls)
 54925 | Elf:3    | Received a gift from Okawaru
 56274 | Vaults:1 | Entered Level 1 of the Vaults
 56298 | Vaults:1 | Reached skill level 25 in Polearms
 57107 | Elf:2    | Bought the +2 hood of the Assassin {Detect Stab+ Stlth++}
                  | for 1020 gold pieces
 57107 | Elf:2    | Found the +2 hood of the Assassin {Detect Stab+ Stlth++}
 58377 | Vaults:2 | Identified the +1 glaive "Giant's Toothpick" {freeze, Drain
                  | rF++ Dex+2 Stlth+} (Okawaru gifted it to you on level 2 of
                  | the Vaults)
 58377 | Vaults:2 | Received a gift from Okawaru
 58564 | Vaults:2 | Reached XP level 22. HP: 111/186 MP: 30/30
 58803 | Vaults:2 | Found a staircase to the Crypt.
 59076 | Vaults:2 | Received a gift from Okawaru
 59076 | Vaults:2 | Found the +8 orange crystal plate armour {Archmagi, Int+3
                  | Clar}
 59084 | Vaults:2 | Noticed Xtahua
 59221 | Vaults:2 | Killed Xtahua
 59395 | Vaults:2 | Identified the +0 ring mail "Echuenau" {rPois Dex+4 Stlth+}
 59401 | Vaults:2 | Found Teym's Magic Scroll Boutique.
 59407 | Vaults:2 | Bought a scroll of blinking for 97 gold pieces
 59407 | Vaults:2 | Bought a scroll of enchant armour for 97 gold pieces
 59407 | Vaults:2 | Bought a scroll of silence for 123 gold pieces
 59407 | Vaults:2 | Bought a scroll of teleportation for 39 gold pieces
 60032 | Vaults:3 | Reached skill level 15 in Armour
 60797 | Vaults:3 | Found Ycauth's Antique Armour Shoppe.
 61087 | Vaults:4 | Received a gift from Okawaru
 61503 | Vaults:4 | Identified the +0 leather armour of the Northern Lights
                  | {rPois Stlth+}
 62178 | Vaults:4 | Received a gift from Okawaru
 62218 | Vaults:4 | Reached XP level 23. HP: 196/196 MP: 31/31
 62446 | Vaults:4 | Identified the ring "Xocirph" {rN+++ rCorr AC+4 Int-5}
 62556 | Vaults:4 | Identified the ring of Leog Har {rF++ rC+ Int+3 SInv}
 62818 | Vaults:5 | Entered Level 5 of the Vaults
 62857 | Vaults:5 | Reached skill level 26 in Polearms
 62898 | Vaults:5 | Received a gift from Okawaru
 63457 | Vaults:5 | Noticed an ancient lich
 63469 | Vaults:5 | Killed an ancient lich
 64033 | Vaults:5 | Received a gift from Okawaru
 64133 | Vaults:5 | Identified the +9 long sword "Hunako Zimoa" {freeze,
                  | Fragile rElec rPois Str+3}
 64259 | Vaults:5 | Noticed Jory
 64292 | Vaults:5 | Killed Jory
 64664 | Vaults:5 | Reached XP level 24. HP: 192/205 MP: 31/31
 64795 | Vaults:5 | Received a gift from Okawaru
 64945 | Vaults:5 | Identified the ring "Curher" {Wiz Str+9 Slay-5}
 65271 | Vaults:5 | Identified the +4 dagger of the New World {speed, rF+}
 65280 | Vaults:5 | Got a silver rune of Zot
 66148 | Slime:1  | Entered Level 1 of the Pits of Slime
 67638 | Slime:5  | Entered Level 5 of the Pits of Slime
 67665 | Slime:5  | Received a gift from Okawaru
 67903 | Slime:5  | Found a viscous altar of Jiyva.
 67904 | Slime:5  | Noticed the Royal Jelly
 68444 | Slime:4  | Gained mutation: You are clumsy. (Dex -2) [a shining eye]
 68903 | Slime:5  | Killed the Royal Jelly
 69871 | Slime:5  | Identified the staff of fire "Nuomee Xocu" {rElec rPois rF+
                  | Str+9 Int-4 Dex-2}
 69901 | Slime:5  | Got a slimy rune of Zot
 69902 | Slime:5  | Identified the ring "Ypsec" {Ice Drain +Blink rN++ rCorr}
 69906 | Slime:5  | Identified the +5 dagger of Profit {flame, Fragile rElec
                  | Dex+3}
 69923 | Slime:5  | Identified the +6 morningstar "Dugaof" {pain, Will++ rCorr
                  | Dex+3}
 69931 | Slime:5  | Identified the staff of conjuration "Lujoesa" {Int+3
                  | Stlth+}
 69938 | Slime:5  | Identified the +9 hand axe of the Modern Prophets {drain,
                  | Str-5 Int+3 Dex+4}
 69947 | Slime:5  | Identified the staff of cold "Nugehete" {rC+ Int+4}
 69950 | Slime:5  | Identified the staff of death "Olecuhets" {rN+ Str+2}
 70256 | D:3      | Fell from the grace of Okawaru
 70256 | D:3      | Became a worshipper of the Shining One
 70808 | Crypt:1  | Entered Level 1 of the Crypt
 70854 | Crypt:1  | Reached * piety under the Shining One
 70928 | Crypt:1  | Identified a scroll of acquirement
 70942 | Crypt:1  | Acquired the -2 hat of the Alchemist {rElec rPois rF+ rC+
                  | rN+ Will+ rMut rCorr}
 70942 | Crypt:1  | Found the -2 hat of the Alchemist {rElec rPois rF+ rC+ rN+
                  | Will+ rMut rCorr}
 71062 | Crypt:1  | Reached ** piety under the Shining One
 71550 | Crypt:2  | Identified the +10 sling of Fate {freeze, *Slow Int+2 Dex+6
                  | SInv}
 71563 | Crypt:2  | Reached *** piety under the Shining One
 71666 | Crypt:2  | Reached **** piety under the Shining One
 71896 | Crypt:2  | Reached skill level 27 in Polearms
 72287 | Crypt:2  | Noticed Zenata
 72304 | Crypt:2  | Killed Zenata
 72307 | Crypt:2  | Reached ***** piety under the Shining One
 72735 | Crypt:3  | Entered Level 3 of the Crypt
 72781 | Crypt:3  | Reached XP level 25. HP: 213/219 MP: 31/31
 72793 | Crypt:3  | Found a staircase to the Tomb.
 73050 | Crypt:3  | Identified the +9 rapier of Laceration {venom, *Noise rPois
                  | rC+ rN++}
 73887 | Crypt:3  | Noticed a dread lich
 73903 | Crypt:3  | Killed a dread lich
 73923 | Crypt:3  | Reached ****** piety under the Shining One
 73924 | Crypt:3  | Identified a +9 trishula of holy wrath (a +9 demon trident
                  | of flaming blessed by the Shining One)
 73924 | Crypt:3  | Received a gift from the Shining One
 74083 | Crypt:3  | Identified the +5 short sword "Orb Guardian's Death"
                  | {venom, rCorr Dex+2}
 74294 | Crypt:3  | Noticed a dread lich
 74305 | Crypt:3  | Killed a dread lich
 74327 | Crypt:3  | Found a basalt altar of Yredelemnul.
 74332 | Crypt:3  | Found an ancient bone altar of Kikubaaqudgha.
 74358 | Crypt:3  | Got the Almanac of the Shot
 75184 | Depths:1 | Entered Level 1 of the Depths
 75604 | Depths:1 | Found a one-way gateway to a ziggurat.
 75771 | Depths:1 | Identified the +1 scale mail of Insecurity {Harm Rampage
                  | rCorr Stlth-}
 75844 | Depths:2 | Noticed a juggernaut
 75879 | Depths:2 | Killed a juggernaut
 76026 | Depths:2 | Found a gateway to Hell.
 76497 | Depths:2 | Found Sauso's Antique Armour Shoppe.
 76833 | Depths:2 | Found a stormy altar of Qazlal.
 76862 | Depths:2 | Found a shimmering blue altar of Sif Muna.
 76905 | Depths:2 | Acquired the +1 cloak of Starlight {*Dazzle EV+4 Stlth--}
 76905 | Depths:2 | Found the +1 cloak of Starlight {*Dazzle EV+4 Stlth--}
 77016 | Depths:2 | Found a portal to a secret trove of treasure.
 77117 | Depths:2 | Found a one-way gate leading to the halls of Pandemonium.
 77520 | Vaults:2 | Bought a scroll of enchant armour for 97 gold pieces
 77842 | Depths:2 | You paid a toll of +5 fire dragon scales to enter a
                  | treasure trove
 77843 | Trove    | Entered a treasure trove
 77852 | Trove    | Identified the +0 cloak of the Catfish {Str+6 Int+3 Dex-5
                  | SInv}
 77882 | Trove    | Identified the +0 pair of gloves of Wu Jian's Envy {Str+4
                  | Dex+3}
 77883 | Trove    | Identified the +0 pair of gloves of Blue Life {-Cast Fly
                  | rElec Will+}
 77907 | Trove    | Identified the +0 hat "Wobumeewk" {+Blink rF- Regen+}
 77932 | Trove    | Identified the +1 pair of boots of Courage {Dex+2}
 77934 | Trove    | Identified the +1 pair of boots of Xiqoirig {Rampage}
 78674 | Depths:3 | Paralysed by a floating eye for 3 turns
 78708 | Depths:3 | Reached XP level 26. HP: 179/234 MP: 31/31
 78860 | Depths:3 | Found a runed translucent gate.
 78860 | Depths:3 | Found a runed translucent gate.
 78862 | Depths:3 | Found a runed translucent gate.
 78863 | Depths:3 | Noticed Naus's ghost (veteran GrFi)
 79444 | Depths:3 | Slain by a dire elephant

Illustrated notes

Levels and vault maps discovered:
D:1:      ebering_trefoil_3fold, layout_rooms, serial_aquarium,
          aquarium_bridge_long_joined [aquarium_subvault_window,
          aquarium_subvault_wall, aquarium_subvault_bridge,
          aquarium_subvault_window, aquarium_subvault_bridge,
          aquarium_subvault_window], aquarium_bridge_square
          [aquarium_subvault_wall, aquarium_subvault_bridge,
          aquarium_subvault_window, aquarium_subvault_wall],
          aquarium_window_fake, aquarium_window_corridor_3,
          aquarium_window_corner, aquarium_window_2, aquarium_view_2d,
          aquarium_balcony_3b, aquarium_pool_2,
          hellmonk_ecumenical_altar_watching_god, serial_shops, shop
D:2:      layout_basic, serial_shops, nicolae_shop_window_shopping
D:3:      layout_basic, amcnicky_altar_gilded, nicolae_overflow_ecumenical_swirl
D:4:      layout_layer_cave
D:5:      layout_basic, nicolae_concentric_dashed_squares_mild,
          minmay_starry_boxes
D:6:      minmay_bubble_buster, layout_basic, nicolae_gozag_seed_capital,
          kennysheep_mini_moat, minmay_temple_entry_tees,
          dreamdust_mushroom_princess, uniq_maggie
D:7:      layout_loops_cross, gammafunk_temple_overflow_claw, serial_shops,
          nicolae_shop_trees, grunt_ministairs_1, uniq_menkaure
D:8:      layout_loops_ring, kennysheep_nondescript, uniq_prince_ribbit1
D:9:      layout_basic, dpeg_lair_monsters, minivault_22, grunt_ministairs_1,
          hex_large, minivault_10
D:10:     layout_stronghold, yredelemnul_forgotten_temple_becter,
          lemuel_round_altar, serial_park_tiny_1, minivault_19, uniq_nergalle
D:11:     nzn_winding_woodlands_stair_cross [nzn_winding_woodlands_5x15_parted,
          nzn_winding_woodlands_center_triple_pond,
          nzn_winding_woodlands_5x15_crooked,
          nzn_winding_woodlands_5x5_closed_star,
          nzn_winding_woodlands_5x5_three, nzn_winding_woodlands_5x15_pockets,
          nzn_winding_woodlands_center_diamonds,
          nzn_winding_woodlands_5x15_garden], layout_irregular_city,
          orc_0_dummy, grunt_decor_junction, minmay_between
D:12:     layout_stronghold
D:13:     minmay_the_grid_net [minmay_the_grid_tri_star,
          minmay_the_grid_large_cup, minmay_the_grid_rooms,
          minmay_the_grid_spikes, minmay_the_grid_aliased_spiral,
          minmay_the_grid_prize_big_room], layout_gridville
D:14:     layout_cave_pods, david_vaults_4, minmay_misc_feat_tiny
D:15:     grunt_enter_depths_hoard, layout_loops_ring,
          ebering_ghost_rock_garden, minmay_misc_feat_square, uniq_azrael,
          uniq_kirke, uniq_rupert, uniq_jorgrun
Temple:   dshaligram_water_room_temple
Lair:1:   layout_roguey
Lair:2:   layout_hall_layers, grunt_megastairs_2, infiniplex_staircase_pool_2
Lair:3:   layout_cave_pods, minmay_shoals_entry_centaurs,
          minmay_snake_entry_guardpost_medium
Lair:4:   layout_loops_ring, minmay_slime_entry_oklob_open, serial_bayou_shore_b
Lair:5:   hangedman_lair_tendril_chambers, layout_misc_corridors,
          guppyfry_lair_end_dragon, lookout_lair_type, disabler_island,
          uniq_urug
Shoals:1: gammafunk_sealed_arena, layout_shoals,
          nicolae_shoals_abyss_on_the_beach, uniq_donald
Shoals:2: layout_shoals, nicolae_shoals_flooded_hall
Shoals:3: layout_shoals, serial_shops, nicolae_shop_statue_plus,
          nicolae_shoals_kraken_party, uniq_louise, uniq_mara
Shoals:4: shoals_end_hellmonk_storm_palace [storm_palace_center_square,
          storm_palace_corner_blocked, storm_palace_corner_pillars,
          storm_palace_corner_reverse_hut, storm_palace_corner_grid]
Snake:1:  layout_chambers, serial_shops, bzr_entry_customers, lemuel_fruit_tree,
          uniq_asterion, uniq_aizul
Snake:2:  layout_layer_cave
Snake:3:  layout_gridlike, gammafunk_ghost_abyssal_escape
Snake:4:  grunt_snake_rune_pools, layout_cave_town, basic_altar,
          portal_ice_cave_entry_frozen_things, gammafunk_ghost_necromancy,
          hangedman_venom_bottle
Slime:1:  layout_caves, cheibrodos_slime_lost_civilization_5
Slime:2:  layout_caves, nicolae_slime_crime_time
Slime:3:  layout_caves
Slime:4:  layout_caves
Slime:5
Orc:1:    hellmonk_paralyzer, layout_caves
Orc:2:    grunt_orc_cross, layout_diamond_mine, serial_shops,
          nicolae_lakefront_shop
Elf:1:    eino_elf_arrival_altar, layout_geoelf_diagonals, ebering_ghost_gozag,
          serial_shops, nicolae_shop_getting_attention, minivault_28,
          minmay_shop_grove, uniq_frances
Elf:2:    nicolae_elf_blades_crystal_corner, layout_loops_corners, serial_shops,
          nicolae_shop_gaudy_bauble, shop_statue, shop, shop, shop
Elf:3:    minmay_elf_hall_statues, layout_loops_corners, corner_web_ring,
          lemuel_flamethrower_3
Vaults:1: vaults_mumra_minichess_inversion, hangedman_vaults_slice,
          nicolae_vaults_offset_grid_hallway_4, nicolae_vaults_trapezoid_1,
          nicolae_vaults_six-pack, nicolae_vaults_tetromino_Z_1,
          layout_vaults_omnigrid
Vaults:2: minmay_crypt_entry_nasty_monster, nicolae_vaults_six-pack,
          ontoclasm_vaults_ring_large, nicolae_vaults_steering_wheel,
          vaults_mumra_chevron_long, v_misc_24, nicolae_vaults_six-pack,
          grunt_vaults_swirl, vaults_dpeg_encased_lava,
          nicolae_vaults_trapezoid_lopsided_3, layout_vaults_ring, serial_shops,
          shop, uniq_saint_roka, uniq_xtahua, uniq_margery
Vaults:3: hangedman_vaults_slither, v_misc_31, vaults_room_semicircle,
          ontoclasm_vaults_claustrophobia, nicolae_vaults_inception_corners,
          v_misc_4, nicolae_vaults_theta, nicolae_vaults_twisting_passages,
          st_diamondy, nicolae_vaults_more_shelving_1, layout_vaults_maze,
          serial_shops, nicolae_shop_real_fake_doors
Vaults:4: nicolae_vaults_double_plus_3, nicolae_vaults_turnstiles,
          nicolae_vaults_corridor_and_loot_room, nicolae_vaults_double_plus_2,
          hangedman_vaults_stream, hangedman_vaults_nails, v_misc_4,
          nicolae_vaults_disjoint_gnomons, nicolae_vaults_oval_intersection,
          nicolae_vaults_storage_closets_2, nicolae_vaults_little_squares_6,
          vaults_room_ringed_pool, layout_vaults_omnibox
Vaults:5: uniq_jory
Crypt:1:  layout_rooms, minivault_4
Crypt:2:  layout_basic, uniq_zenata
Crypt:3:  lightli_unholy_cathedral, layout_chaotic_city
Depths:1: layout_basic, enter_ziggurat_e, pf_dread_powers_of_hell,
          hangedman_abyss_entry_splay, drop_trap, minmay_acid_items
Depths:2: evilmike_inaccessible_box, layout_cave_pools,
          hangedman_tar_grid_catacomb, grunt_pan_entry_sceptre,
          trove_entry_hex_spiral, serial_shops, nicolae_shop_window_shopping,
          lemuel_blue_sif_altar, kennysheep_another_room,
          nicolae_qazlal_general_emergency
Depths:3: hangedman_hanging_gardens, layout_gridlike, grunt_metal_band,
          nicolae_abyss_entry_one_way_or_another, biasface_ghost_demon_polymorph

Skill      XL: |  1  2  3  4  5  6  7  8  9 10 11 12 13 14 15 16 17 18 19 20 21 22 23 24 25 26 |
---------------+-------------------------------------------------------------------------------+-----
Polearms       | 3 4 5 6 7 9 10 12 14 15 17 18 19 21 22 23 24 25 26 27 | 27.0
Dodging        | 1 2 3 4 5 7 8 9 10 12 13 14 15 16 17 18 19 20 21 22 23 | 23.0
Fighting       | 4 5 6 7 9 10 11 12 13 14 16 17 18 19 21 22 24 25 | 25.1
Shields        | 4 5 6 7 8 9 10 11 12 13 14 15 16 17 18 | 18.4
Armour         | 3 4 5 6 7 8 9 10 11 12 13 14 15 16 17 18 | 18.0
Invocations    | 3 5 6 8 9 10 11 | 11.0

Action                     |  1- 3 |  4- 6 |  7- 9 | 10-12 | 13-15 | 16-18 | 19-21 | 22-24 | 25-27 || total
---------------------------+-------+-------+-------+-------+-------+-------+-------+-------+-------++-------
  Melee: Trident           |   101 |   187 |   347 |   839 |  2172 |  1665 |       |   351 |   272 ||  5934
         Tailslap          |       |       |       |       |    16 |    70 |       |       |       ||    86
         Demon trident     |       |       |       |       |       |   677 |  1663 |  2106 |       ||  4446
         Trishula          |       |       |       |       |       |       |       |       |   971 ||   971
 Invoke: Heroism           |       |       |       |    10 |    32 |    22 |    13 |    14 |       ||    91
         Finesse           |       |       |       |       |     1 |     2 |     2 |     3 |       ||     8
         Divine Shield     |       |       |       |       |       |       |       |     1 |    14 ||    15
         Summon Divine War |       |       |       |       |       |       |       |       |     3 ||     3
         Cleansing Flame   |       |       |       |       |       |       |       |       |     2 ||     2
         Brand Weapon With |       |       |       |       |       |       |       |       |     1 ||     1
    Use: Scroll            |     1 |    13 |     5 |     5 |    11 |    12 |     9 |     8 |    10 ||    74
         Potion            |       |       |     4 |     2 |     5 |     6 |     1 |     8 |     4 ||    30
   Stab: Sleeping          |       |     4 |     9 |     8 |     8 |       |       |       |       ||    29
         Distracted        |       |     1 |     1 |     2 |     6 |     6 |     1 |       |       ||    17
         Held in net/web   |       |       |       |       |       |     3 |       |       |       ||     3
 Armour: Scale mail        |     2 |       |       |       |   124 |   275 |    77 |       |       ||   478
         Chain mail        |    39 |     5 |       |       |       |       |       |       |       ||    44
         Ring mail         |       |    62 |   101 |   194 |   290 |       |       |       |       ||   647
         Skin              |       |       |       |       |     2 |       |       |       |       ||     2
         Crystal plate arm |       |       |       |       |       |       |    79 |   440 |   239 ||   758
  Dodge: Dodged            |    28 |    78 |   144 |   503 |  1186 |   834 |   346 |   625 |   241 ||  3985
  Block: Buckler           |    18 |    51 |    82 |   342 |   831 |       |       |       |       ||  1324
         Kite shield       |       |       |       |       |    17 |   747 |       |       |       ||   764
         Reflection        |       |       |       |       |       |    93 |   176 |    99 |    67 ||   435
         Tower shield      |       |       |       |       |       |   868 |  1364 |  2432 |  1132 ||  5796

Table legend: (Time is in decaauts)
 A = Elapsed time spent in this place.
 B = Non-inter-level travel time spent in this place.
 C = Inter-level travel time spent in this place.
 D = Time resting spent in this place.
 E = Time spent auto-exploring this place.
 F = Levels seen in this place.
 G = Mean time per level.
                   A        B        C        D        E       F      G
               +--------+--------+--------+--------+--------+-----+--------+
         Total |  75254 |  67487 |   7767 |  15194 |  38388 |  53 | 1419.9 |
       Dungeon |  23120 |  20001 |   3119 |   4572 |  12279 |  15 | 1541.3 |
        Temple |    153 |    129 |     24 |      0 |    118 |   1 |  153.0 |
          Lair |   9825 |   8892 |    933 |   3342 |   4298 |   5 | 1965.0 |
        Shoals |   6179 |   5904 |    275 |   1544 |   2810 |   4 | 1544.8 |
     Snake Pit |   5648 |   5209 |    439 |    251 |   3741 |   4 | 1412.0 |
    Slime Pits |   3716 |   3357 |    359 |   1508 |   1262 |   5 |  743.2 |
  Orcish Mines |   3267 |   2715 |    552 |    805 |   1284 |   2 | 1633.5 |
   Elven Halls |   5013 |   4515 |    498 |    703 |   2931 |   3 | 1671.0 |
        Vaults |   9383 |   8430 |    953 |   1010 |   5330 |   5 | 1876.6 |
         Crypt |   3460 |   3316 |    144 |    711 |   1710 |   3 | 1153.3 |
        Depths |   3500 |   3034 |    466 |    356 |   1740 |   3 | 1166.7 |
        Bazaar |    353 |    353 |      0 |      0 |    210 |   1 |  353.0 |
         Trove |    137 |    137 |      0 |      0 |      0 |   1 |  137.0 |
      Ice Cave |   1492 |   1492 |      0 |    391 |    670 |   1 | 1492.0 |
               +--------+--------+--------+--------+--------+-----+--------+

Top non-repeatable levels by time:
    D:11: 3210 daAuts
  Lair:5: 2921 daAuts
   Orc:2: 2570 daAuts
    D:12: 2568 daAuts
Vaults:5: 2556 daAuts
  Lair:3: 2390 daAuts
Vaults:2: 2006 daAuts
    D:15: 1980 daAuts
   Elf:3: 1916 daAuts
Depths:2: 1876 daAuts
Vaults:4: 1860 daAuts
Shoals:4: 1830 daAuts
    D:14: 1797 daAuts
  Lair:4: 1690 daAuts
Vaults:1: 1680 daAuts
